 Dungeon Crawl Stone Soup version 0.24.0-125-gc4c63601f3 (webtiles) character file.

Game seed: 14219315940570228567, levelgen mode: deterministic

2254 veronikapak the Stinger (level 9, -1/88 HPs)
             Began as an Octopode Venom Mage on Mar 18, 2020.
             Was a Believer of Fedhas.
             Slain by a hog (10 damage)
             ... on level 7 of the Dungeon.
             The game lasted 00:19:30 (7898 turns).

veronikapak the Stinger (Octopode Venom Mage)       Turns: 7898, Time: 00:19:31

Health: -1/88      AC:  1    Str: 18    XL:     9   Next: 37%
Magic:  9/16       EV: 15    Int: 23    God:    Fedhas [**....]
Gold:   409        SH:  0    Dex: 17    Spells: 8/18 levels left

rFire    + + .     SeeInvis +   F - +4 falchion "Usinafuv" {slice, rElec rF+ rC+ Int+4}
rCold    + . .     Gourm    .   (no shield)
rNeg     . . .     Faith    .   (helmet restricted)
rPois    .         Spirit   .   (no amulet)
rElec    +         Reflect  .   q - ring of protection from fire
rCorr    +         Harm     .   z - +5 ring of strength
MR       .....                  C - +2 ring of intelligence
Stlth    ..........             B - ring of resist corrosion
HPRegen  0.24/turn              D - +2 ring of dexterity
MPRegen  0.15/turn              I - ring of see invisible
                                (no ring)
                                (no ring)

@: berserking, very quick
A: almost no armour, stealthy swim, amphibious, 8 rings, constrict 8, camouflage
1, gelatinous body 1
a: Wall of Briars, Renounce Religion


You were on level 7 of the Dungeon.
You worshipped Fedhas.
Fedhas was pleased with you.
You were not hungry.

You visited 1 branch of the dungeon, and saw 7 of its levels.

You collected 409 gold pieces.

Inventory:

Hand Weapons
 a - a +0 trident of flaming
 i - a +0 whip
 l - a +1 whip of electrocution
 F - the +4 falchion "Usinafuv" (weapon) {slice, rElec rF+ rC+ Int+4}
   (You found it on level 7 of the Dungeon)

   It inflicts extra damage upon your enemies.
   It affects your intelligence (+4).
   It protects you from fire.
   It protects you from cold.
   It insulates you from electricity.
Missiles
 o - 15 poisoned darts (quivered)
 s - 4 javelins
 w - 3 curare-tipped darts
Jewellery
 q - a ring of protection from fire (left tentacle)
 z - a +5 ring of strength (right tentacle)
 B - a ring of resist corrosion (on tentacle)
 C - a +2 ring of intelligence (on tentacle)
 D - a +2 ring of dexterity (on tentacle)
 E - an uncursed ring of protection from fire
 I - a ring of see invisible (on tentacle)
Wands
 k - a wand of disintegration (19)
 y - a wand of flame (17)
 G - a wand of iceblast (8)
Scrolls
 c - 3 scrolls of blinking {unknown}
 d - a scroll of teleportation {unknown}
 e - 9 scrolls of remove curse
 g - 4 scrolls of amnesia {unknown}
 p - 3 scrolls of immolation {unknown}
 r - a scroll of random uselessness {unknown}
 x - a scroll of fear {unknown}
 H - a scroll of enchant armour {unknown}
Potions
 f - a potion of berserk rage
 h - 2 potions of might
 j - 2 potions of heal wounds
 m - a potion of haste
 n - a potion of resistance
 t - a potion of brilliance
 u - 4 potions of cancellation
 v - 6 potions of curing
 A - a potion of agility {unknown}
Comestibles
 b - 15 rations


   Skills:
 * Level 4.4 Fighting
 - Level 0.1 Long Blades
 - Level 0.7 Maces & Flails
 + Level 3.1 Polearms
 + Level 0.4 Throwing
 + Level 4.0 Dodging
 + Level 4.0 Stealth
 - Level 0.4 Unarmed Combat
 + Level 5.1 Spellcasting
 + Level 1.1 Conjurations
 - Level 3.0 Hexes
 - Level 3.0 Fire Magic
 + Level 3.3 Air Magic
 + Level 7.2 Poison Magic
 * Level 1.5 Invocations


You had 8 spell levels left.
You knew the following spells:

 Your Spells              Type           Power        Failure   Level  Hunger
a - Sting                 Conj/Pois      ####         1%          1    None
b - Poisonous Vapours     Pois/Air       ####..       1%          2    None
c - Olgreb's Toxic Radia  Pois           #####...     4%          4    ####...
d - Inner Flame           Hex/Fire       ###.....     8%          3    ##.....

Your spell library contained the following spells:

 Spells                   Type           Power        Failure   Level  Hunger
 Corona                   Hex            ###....      2%          1    None
 Slow                     Hex            ###.....     4%          2    None
 Mephitic Cloud           Conj/Pois/Air  ###.....     5%          3    ##.....
 Portal Projectile        Hex/Tloc       ##....       16%         3    ##.....
 Cause Fear               Hex            ###.......   26%         4    ####...
 Venom Bolt               Conj/Pois      ####......   43%         5    #####..
 Leda's Liquefaction      Hex/Erth       ##........   45%         4    ####...


Dungeon Overview and Level Annotations

Branches:
Dungeon (7/15)             Temple (0/1) D:5

Altars:
Cheibriados
Fedhas
Gozag
Hepliaklqana
Ru
Sif Muna
Trog
Uskayaw
Vehumet
Wu Jian
Yredelemnul
The Shining One

Annotations:
D:2 exclusion: downstairs
D:6 exclusion: downstairs
D:7 Menkaure


Innate Abilities, Weirdness & Mutations

You cannot wear most types of armour.
You are very stealthy in the water. (Stealth+)
You are amphibious.
You can wear up to eight rings at the same time.
You can use your tentacles to constrict eight enemies at once.
Your skin changes colour to match your surroundings (Stealth+).
Your rubbery body absorbs attacks. (AC +1, EV +1)


Message History

The hog misses you.
You slash the hog!
The hog is almost dead.
You constrict the hog.
You kill the hog!
Fedhas accepts your kill.
Your Spellcasting skill increases to level 5!
The human hits you with a +0 hand axe.
* * * LOW HITPOINT WARNING * * *
You hit the hog. You grab the hog.
The hog is heavily wounded.
You constrict the hog. The hog bites you!
* * * LOW HITPOINT WARNING * * *
Unknown command.
You slash the hog!
The hog is almost dead.
You constrict the hog, but do no damage.
The hog bites you!
You die...
Fedhas appreciates your contribution to the ecosystem.

#..## ###.......###..
#..#########..........####
#........##...........# #
#........#######......#
#.####...#.....#......#
#..# #..##.....#......##
#..# ##.####'###.......#
#..# #..#p...%#.......#
... #..@h..%%#.......# ..
##.#######.......# ###
#........### #.....####
#..#### ##.# ... ?...#
...^..


You could see a hog and a human.

Vanquished Creatures
  Pikel (D:7)
  Sigmund (D:2)
  3 hogs (D:7)
  2 slaves (D:7)
  4 ogres
  2 bullfrogs (D:6)
  A gnoll sergeant (D:5)
  A water moccasin zombie (D:6)
  4 crimson imps
  An orc priest (D:5)
  3 hounds
  A jelly (D:6)
  2 orc wizards (D:7)
  An iguana (D:6)
  3 worker ants
  A worker ant zombie (D:5)
  A howler monkey skeleton (D:6)
  9 gnolls (D:5)
  An adder (D:5)
  2 worms
  A dart slug (D:2)
  2 leopard geckos
  17 orcs
  5 giant cockroaches
  4 goblins
  4 hobgoblins
  9 jackals
  8 kobolds
  2 ball pythons
  7 bats
  3 frilled lizards
  A jackal skeleton (D:6)
  A jackal zombie (D:7)
  6 rats
114 creatures vanquished.

Vanquished Creatures (others)
  A giant cockroach (D:7)
1 creature vanquished.

Grand Total: 115 creatures vanquished

Notes
Turn   | Place    | Note
-------+----------+-------------------------------------------
     0 | D:1      | veronikapak the Octopode Venom Mage began the quest for the
                  | Orb.
     0 | D:1      | Reached XP level 1. HP: 11/11 MP: 3/3
   186 | D:1      | Reached XP level 2. HP: 16/17 MP: 5/5
   362 | D:1      | Learned a level 2 spell: Poisonous Vapours
   414 | D:1      | Reached skill level 4 in Poison Magic
   992 | D:1      | Reached XP level 3. HP: 16/21 MP: 6/6
  2000 | D:2      | Found an ornate altar of the Wu Jian Council.
  2216 | D:2      | Found a bloodstained altar of Trog.
  2228 | D:2      | Noticed Sigmund
  2259 | D:2      | Killed Sigmund
  2259 | D:2      | Reached skill level 1 in Fighting
  2259 | D:2      | Reached skill level 5 in Poison Magic
  2259 | D:2      | Reached XP level 4. HP: 29/29 MP: 1/8
  2259 | D:2      | Reached XP level 5. HP: 34/34 MP: 1/9
  2333 | D:2      | Reached skill level 1 in Air Magic
  2421 | D:2      | Found a blossoming altar of Fedhas.
  2452 | D:2      | Became a worshipper of Fedhas Madash
  2561 | D:2      | Found a bloodstained altar of Trog.
  2690 | D:2      | Found a hazy altar of Hepliaklqana.
  2697 | D:2      | Found a shimmering blue altar of Sif Muna.
  2700 | D:2      | Found a glowing golden altar of the Shining One.
  2868 | D:3      | Reached XP level 6. HP: 28/39 MP: 10/10
  3018 | D:3      | Learned a level 4 spell: Olgreb's Toxic Radiance
  3062 | D:3      | Found a basalt altar of Yredelemnul.
  3073 | D:3      | Noticed a hungry ghost
  3145 | D:3      | Found a hide-covered altar of Uskayaw.
  3701 | D:4      | Found an opulent altar of Gozag.
  3767 | D:4      | Noticed a phantom
  3930 | D:4      | Reached * piety under Fedhas
  4472 | D:4      | Found a radiant altar of Vehumet.
  4663 | D:5      | Entered Level 5 of the Dungeon
  4665 | D:5      | Noticed an ice beast
  4672 | D:5      | Found a staircase to the Ecumenical Temple.
  4675 | D:5      | Reached XP level 7. HP: 45/45 MP: 5/12
  4774 | D:5      | Learned a level 3 spell: Inner Flame
  5014 | D:5      | Reached skill level 1 in Hexes
  5167 | D:5      | Reached skill level 6 in Poison Magic
  5190 | D:5      | Reached skill level 1 in Fire Magic
  5881 | D:6      | Reached XP level 8. HP: 31/52 MP: 12/14
  6288 | D:6      | Reached ** piety under Fedhas
  6405 | D:6      | Reached skill level 1 in Polearms
  7070 | D:7      | Noticed Pikel
  7090 | D:7      | Killed Pikel
  7282 | D:7      | Got a fine falchion
  7283 | D:7      | Identified the +4 falchion "Usinafuv" {slice, rElec rF+ rC+
                  | Int+4} (You found it on level 7 of the Dungeon)
  7360 | D:7      | Reached XP level 9. HP: 58/58 MP: 6/16
  7564 | D:7      | Found a sacrificial altar of Ru.
  7786 | D:7      | Found a snail-covered altar of Cheibriados.
  7824 | D:7      | Noticed Menkaure
  7893 | D:7      | Reached skill level 7 in Poison Magic
  7894 | D:7      | Reached skill level 1 in Invocations
  7896 | D:7      | Reached skill level 5 in Spellcasting
  7898 | D:7      | Slain by a hog

Levels and vault maps discovered:
D:1:      tarquinn_simple_flora_water_e, layout_basic, serial_corexii_hall,
          corexii_hall_statues_u, chequers_hall_statues_corner_a
D:2:      layout_rooms, overflow_temple_1_default, overflow_temple_1_default,
          fedhas_altar_2, minitemple, bloody_trog, uniq_sigmund
D:3:      layout_loops_ring, eat_drink_and_be_merry_uskayaw,
          yredelemnul_altar_generic
D:4:      layout_basic, grunt_gozag_breadcrumbs, nicolae_overflow_hidden_temple,
          serial_glass, glass_columns_b, glass_columns_c, due_unseen_surprise,
          item_on_display_a, feat_on_display, feat_on_display, first_ration
D:5:      layout_basic, minmay_temple_entry_butterflies, eino_tiny_chamber
D:6:      layout_gridville
D:7:      minmay_chambers_of_sixes, layout_cave_pods, kennysheep_mini,
          hangedman_decor_growths, grunt_livestock,
          nicolae_ru_the_path_less_chosen, uniq_pikel, uniq_menkaure,
          uniq_harold

Skill      XL: |  1  2  3  4  5  6  7  8  9 |
---------------+----------------------------+-----
Poison Magic   | 4 5 6 7 |  7.2
Fighting       | 1 2 3 4 |  4.4
Dodging        | 3 4 |  4.0
Spellcasting   | 3 4 5 |  5.1
Air Magic      | 1 2 3 |  3.3
Stealth        | 3 4 |  4.0
Hexes          | 1 3 |  3.0
Fire Magic     | 1 2 3 |  3.0
Polearms       | 2 3 |  3.1
Invocations    | 1 |  1.5
Long Blades    | |  0.1
Maces & Flails | |  0.7
Throwing       | |  0.4
Unarmed Combat | |  0.4
Conjurations   | |  1.1

Action                   |  1- 3 |  4- 6 |  7- 9 || total
-------------------------+-------+-------+-------++-------
Melee: Unarmed           |    87 |       |       ||    87
       Constrict         |    25 |    14 |    26 ||    65
       Tentacles         |    16 |     7 |    16 ||    39
       Whip              |     8 |    40 |    26 ||    74
       Trident           |       |       |    53 ||    53
       Falchion          |       |       |    11 ||    11
Throw: Dart              |       |       |     4 ||     4
 Cast: Poisonous Vapours |     6 |    22 |    31 ||    59
       Olgreb's Toxic Ra |       |     1 |    13 ||    14
Evoke: Wand              |       |       |     1 ||     1
  Use: Scroll            |       |       |     9 ||     9
       Potion            |       |       |     4 ||     4
 Stab: Sleeping          |     7 |     4 |     4 ||    15
       Distracted        |     1 |     1 |       ||     2
  Eat: Chunk             |     4 |     9 |    13 ||    26
Armor: Skin              |    10 |     6 |     3 ||    19
Dodge: Dodged            |    69 |    27 |    61 ||   157
       Rpst.: Falchion   |       |       |     1 ||     1
